 Dungeon Crawl Stone Soup version 0.19-a0-353-g6b7ed47 (webtiles) character file.

2678 Duffy the Cudgeler (level 9, -3/72 HPs)
             Began as a Mummy Fighter on May 29, 2016.
             Was a Follower of Cheibriados.
             Slain by an orc warrior
             ... wielding a +0 glaive
              (7 damage)
             ... on level 7 of the Dungeon.
             The game lasted 00:09:02 (9189 turns).

Duffy the Cudgeler (Mummy Fighter)                  Turns: 9189, Time: 00:09:03

Health: -3/72      AC: 20    Str: 24    XL:     9   Next: 37%
Magic:  9/9        EV:  6    Int:  9    God:    Cheibriados [*.....]
Gold:   296        SH:  0    Dex: 17    Spells: 0 memorised, 8 levels left

rFire  x . .     SeeInvis .     a - +2 dire flail (protect)
rCold  + . .     Gourm    .     u - +0 plate armour
rNeg   + + +     Faith    .     (shield currently unavailable)
rPois  ∞         Spirit   .     (no helmet)
rElec  .         Dismiss  .     (no cloak)
rCorr  .         Reflect  .     (no gloves)
SustAt .         Harm     .     i - +2 pair of boots
MR     +....                    x - amulet of inaccuracy (curse)
Stlth  ..........               g - +3 ring of dexterity
                                v - ring of loudness (curse)

@: drained, very slow, somewhat resistant to hostile enchantments, extremely
unstealthy
A: no food or potions, fire vulnerability, cold resistance 1, negative energy
resistance 3, torment resistance, unbreathing
a: Bend Time, Renounce Religion


You were on level 7 of the Dungeon.
You worshipped Cheibriados.
Cheibriados was aware of your devotion.
You were not hungry.

You visited 2 branches of the dungeon, and saw 8 of its levels.

You collected 296 gold pieces.


Innate Abilities, Weirdness & Mutations

You do not eat or drink.
Your flesh is vulnerable to fire.
You are immune to poison.
Your flesh is cold resistant. (rC+)
You are immune to negative energy. (rN+++)
You are immune to unholy pain and torment.
You can survive without breathing.


   Skills:
 + Level 7.1(6.7) Fighting
 + Level 7.4(7.0) Maces & Flails
 - Level 5.0(4.6) Armour
   Level 4.5(4.2) Shields


You had 8 spell levels left.
You didn't know any spells.

Inventory:

Hand Weapons
 a - a +2 dire flail of protection (weapon)
 m - a +0 blowgun
Missiles
 f - 42 poisoned needles
 l - a throwing net (quivered)
Armour
 i - a +2 pair of boots (worn)
 u - a +0 plate armour (worn)
Jewellery
 b - an uncursed amulet of harm
 g - a +3 ring of dexterity (right hand)
 h - a +2 amulet of reflection
 q - a -3 ring of evasion
 v - a cursed ring of loudness (left hand)
 x - a cursed amulet of inaccuracy (around neck)
Wands
 c - a wand of enslavement (12/24)
 p - a wand of iceblast (3/15)
 r - a wand of acid (0/15)
 w - a wand of disintegration (4/24)
Scrolls
 d - a scroll of fog
 e - 2 scrolls of immolation
 j - a scroll of teleportation
 k - a scroll of enchant weapon {unknown}
 n - 2 scrolls of recharging
 o - a scroll of magic mapping {unknown}
 s - a scroll of enchant armour {unknown}
 t - a scroll of blinking {unknown}

Dungeon Overview and Level Annotations

Branches:
Dungeon (7/15)             Temple (1/1) D:5

Altars:
Ashenzari
Cheibriados
Dithmenos
Elyvilon
Fedhas
Gozag
Hepliaklqana
Kikubaaqudgha
Makhleb
Nemelex Xobeh
Okawaru
Pakellas
Qazlal
Ru
Sif Muna
Trog
Ukayaw
Vehumet
Xom
Zin
The Shining One

Shops:
D:5 }


Message History

Cheibriados appreciates the change of pace.
The orc barely misses you. x2
You puncture the orc!
You kill the orc!
Cheibriados thoroughly appreciates the change of pace.
The orc warrior hits you but does no damage.
The orc hits you but does no damage.
You miss the orc.
The orc warrior hits you from afar with a glaive.
The orc hits you but does no damage.
You closely miss the orc.
The orc warrior hits you from afar with a glaive!
You miss the orc. The orc hits you but does no damage.
You hit the orc.
The orc is lightly wounded.
The orc hits you but does no damage.
The orc warrior hits you from afar with a glaive!
You are too injured to fight recklessly!
You are too injured to fight recklessly!
You are too injured to fight recklessly!
You are too injured to fight recklessly!
You are too injured to fight recklessly!
You are too injured to fight recklessly!
You are too injured to fight recklessly!
You are too injured to fight recklessly!
You are too injured to fight recklessly!
You are too injured to fight recklessly!
You are too injured to fight recklessly!
You are too injured to fight recklessly!
You are too injured to fight recklessly!
The orc hits you but does no damage.
The orc warrior hits you but does no damage.
Things that are here:
a dagger; a robe; an orc corpse You closely miss the orc warrior.
The orc hits you but does no damage. The orc warrior hits you with a glaive.
You completely miss the orc warrior. The orc hits you but does no damage.
You closely miss the orc warrior.
The orc warrior hits you but does no damage.
The orc hits you with a hand axe.
You closely miss the orc warrior.
The orc warrior hits you but does no damage.
The orc hits you with a hand axe.
You barely miss the orc warrior.
The orc warrior hits you but does no damage.
The orc hits you with a hand axe.
You miss the orc warrior. You miss the orc warrior.
The orc hits you but does no damage. The orc warrior hits you with a glaive!
You die...

#..........#...%.'......
#......#####.....#......
#......)..%#.....#......
##...###.#%#.....#......
#...#######.....#......
#....## ##+#####'####
#....'###### #.......
#....#.(...# #.......
######@o...+ #.......
......o..:..# #.......
............# #.......
............# #.......
.............. #.......
.......#####... #.!.....
....... .## ########
.###### . # #


You could see an orc warrior and an orc.

Action                   |  1- 3 |  4- 6 |  7- 9 || total
-------------------------+-------+-------+-------++-------
Melee: Flail             |   138 |   223 |   353 ||   714
       Dire flail        |       |       |    77 ||    77
Evoke: Wand              |       |       |     4 ||     4
  Use: Scroll            |       |     8 |     1 ||     9
Armor: Scale mail        |    51 |   104 |   116 ||   271
       Plate armour      |       |       |    57 ||    57
Dodge: Dodged            |    40 |    72 |    96 ||   208
Block: Shield            |    56 |   125 |   203 ||   384
       Reflection        |       |       |     1 ||     1

Notes
Turn   | Place    | Note
--------------------------------------------------------------
     0 | D:1      | Duffy the Mummy Fighter began the quest for the Orb.
     0 | D:1      | Reached XP level 1. HP: 18/18 MP: 1/1
   490 | D:1      | Reached XP level 2. HP: 24/24 MP: 2/2
   510 | D:1      | Found a sparkling altar of Nemelex Xobeh.
   522 | D:1      | Reached skill level 2 in Maces & Flails
  1345 | D:1      | Reached XP level 3. HP: 26/29 MP: 3/3
  1801 | D:2      | Found an oddly glowing altar of Pakellas.
  1804 | D:2      | Found a sparkling altar of Nemelex Xobeh.
  1827 | D:2      | Reached skill level 3 in Shields
  1832 | D:2      | Found a glowing silver altar of Zin.
  1832 | D:2      | Found an iron altar of Okawaru.
  1833 | D:2      | Found an ancient bone altar of Kikubaaqudgha.
  1833 | D:2      | Found a deep blue altar of Sif Muna.
  1833 | D:2      | Found a bloodstained altar of Trog.
  1890 | D:2      | Found a hazy altar of Hepliaklqana.
  1893 | D:2      | Found a radiant altar of Vehumet.
  1898 | D:2      | Found a blossoming altar of Fedhas.
  2658 | D:3      | Reached XP level 4. HP: 35/35 MP: 4/4
  3084 | D:3      | Reached skill level 3 in Maces & Flails
  3350 | D:3      | Found a faded altar to an unknown god.
  3656 | D:4      | Reached XP level 5. HP: 12/41 MP: 5/5
  3951 | D:4      | Found a shadowy altar of Dithmenos.
  3971 | D:4      | Found a glowing golden altar of the Shining One.
  4006 | D:4      | Found an oddly glowing altar of Pakellas.
  4059 | D:4      | Noticed Eustachio
  4077 | D:4      | Killed Eustachio
  4077 | D:4      | Reached skill level 4 in Maces & Flails
  4077 | D:4      | Reached skill level 4 in Shields
  4077 | D:4      | Reached XP level 6. HP: 20/47 MP: 6/6
  4923 | D:5      | Entered Level 5 of the Dungeon
  4927 | D:5      | Found a white marble altar of Elyvilon.
  5518 | D:5      | Reached XP level 7. HP: 49/53 MP: 7/7
  5548 | D:5      | Noticed Pikel
  5583 | D:5      | Killed Pikel
  5583 | D:5      | Reached skill level 5 in Armour
  5599 | D:5      | Reached XP level 8. HP: 56/60 MP: 8/8
  5623 | D:5      | Noticed Blork the orc
  5627 | D:5      | Killed Blork the orc
  5627 | D:5      | Reached skill level 5 in Maces & Flails
  5631 | D:5      | Found a staircase to the Ecumenical Temple.
  5640 | Temple   | Entered the Ecumenical Temple
  6074 | D:5      | Reached skill level 4 in Fighting
  6274 | D:5      | Found Avusmilu's Gadget Shop.
  6531 | D:6      | Reached skill level 6 in Maces & Flails
  6722 | D:6      | Reached skill level 5 in Fighting
  7166 | D:6      | Found an opulent altar of Gozag.
  8111 | D:6      | Reached skill level 6 in Fighting
  8111 | D:6      | Reached XP level 9. HP: 69/69 MP: 9/9
  8243 | D:6      | Found a snail-covered altar of Cheibriados.
  8253 | D:6      | Became a worshipper of Cheibriados the Contemplative
  8636 | D:6      | Reached skill level 7 in Maces & Flails
  8982 | D:7      | Noticed Duvessa
  8982 | D:7      | Noticed Dowan
  8992 | D:7      | Killed Duvessa
  9008 | D:7      | Killed Dowan
  9081 | D:7      | Reached * piety under Cheibriados
  9081 | D:7      | Reached skill level 7 in Fighting
  9189 | D:7      | Slain by an orc warrior

Skill      XL: |  1  2  3  4  5  6  7  8  9 |
---------------+----------------------------+-----
Maces & Flails | 2 3 4 6 7 |  7.4
Shields        | 3 4 |  4.5
Armour         | 5 |  5.0
Fighting       | 6 7 |  7.1

Vault maps used:
D:1:      evilmike_arrival_rings, nemelex_xobeh_ov_fountains_minmay
D:2:      grunt_temple_overflow_diamond, grunt_temple_overflow_open,
          grunt_pakellas_basics
D:3:      first_bread, ecumenical_altar_2, bh_walls_and_bars
D:4:      kennysheep_mini_moat, lemuel_crystal_altar, kennysheep_mini,
          uniq_eustachio
D:5:      elyvilon_altar_4, minmay_temple_entry_hall, serial_shops, shop,
          uniq_pikel, uniq_blork_the_orc
D:6:      old_standard_altar, lemuel_coloured_pillars_altar
D:7:      the_bakery, uniq_duvessa
Temple:   hc_temple_tempest_star_small

Vanquished Creatures
  Pikel
  A spriggan Eustachio Blork the orc Duvessa
  A sky beast
  2 ice beasts
  An ogre
  2 orc warriors
  A slave
  A centaur Dowan
  2 scorpions
  5 wights
  2 howler monkeys
  4 crimson imps
  A centaur zombie
  A hound
  A giant frog skeleton
  A gnoll shaman
  2 centaur skeletons
  3 orc wizards
  An iguana
  3 worker ants
  A worker ant zombie
  4 gnolls
  4 adders
  2 oozes
  An adder zombie
  An adder skeleton
  5 worms
  4 dart slugs
  A giant gecko
  33 orcs
  7 ball pythons
  7 giant cockroaches
  6 goblins
  5 hobgoblins
  7 jackals
  2 quokkas
  3 bats
  A giant gecko skeleton
  5 giant newts
  A jackal zombie
  4 kobolds
  A quokka skeleton
  5 rats
150 creatures vanquished.
